 Dungeon Sprint DCSS version 0.31.0-32-g396128a36d (webtiles) character file.

Game seed: 4897395664905558346

246 Heoruswealwe the Spear-Bearer (level 5, -4/53 HPs)
             Began as a Minotaur Fighter on Mar 21, 2024.
             Was an Initiate of Gozag.
             Slain by a gnoll sergeant
             ... wielding a +3 heavy trident
              (15 damage)
             ... in the Dungeon (Sprint IX: "|||||||||||||||||||||||||||||").
             The game lasted 00:01:13 (129 turns).

Heoruswealwe the Spear-Bearer (Minotaur Fighter)     Turns: 129, Time: 00:01:14

Health: -4/53      AC:  8    Str: 22    XL:     5   Next: 84%
Magic:  4/4        EV:  9    Int:  5    God:    Gozag
Gold:   0          SH:  4    Dex: 10    Spells: 4/4 levels left

rFire   . . .        a - +0 trident
rCold   . . .        d - +0 buckler
rNeg    . . .        c - +0 scale mail
rPois   .            (helmet restricted)
rElec   .            (no cloak)
rCorr   .            (no gloves)
SInv    .            (no boots)
Will    .....        (no amulet) Stlth
                     (no ring)
HPRegen 0.28/turn    (no ring)
MPRegen 0.09/turn

%: no teleportation
@: gold aura
A: horns 2, retaliatory headbutt
a: Renounce Religion, Potion Petition, Call Merchant, Bribe Branch


You were in the Dungeon.
You worshipped Gozag.
Gozag was noncommittal.
You visited 1 branch

Inventory:

Hand Weapons
 a - a +0 trident (weapon)
Armour
 c - a +0 scale mail (worn)
 d - a +0 buckler (worn)
Jewellery
 k - a +3 ring of dexterity
 l - a +3 ring of strength
Wands
 h - a wand of acid (10)
Scrolls
 j - 2 scrolls of blinking
Potions
 b - a potion of might
 e - 5 potions of curing
 f - 2 potions of heal wounds
 g - a potion of haste
 i - a potion of berserk rage


   Skills:
 + Level 8.1 Fighting
 * Level 10.5 Polearms
 + Level 8.1 Armour
 - Level 3.6 Shields


You had 4 spell levels left.
You didn't know any spells.
Your spell library was empty.

Dungeon Overview and Level Annotations

Branches:
Dungeon (1/1)

Altars:
Cheibriados
Dithmenos
Elyvilon
Fedhas
Gozag
Hepliaklqana
Kikubaaqudgha
Makhleb
Nemelex Xobeh
Okawaru
Qazlal
Ru
Sif Muna
Trog
Uskayaw
Vehumet
Wu Jian
Xom
Yredelemnul
Zin
The Shining One
Jiyva
Lugonu


Innate Abilities, Weirdness & Mutations

You have a pair of horns on your head.
You reflexively headbutt those who attack you in melee.


Message History

You see here a +0 cloak.
You see here a +0 helmet.
You see here a +2 ring mail.
k - a +3 ring of dexterity
l - a +3 ring of strength You open the door.
A troll, a gnoll sergeant, 2 yaks and 2 orc warriors come into view.
The gnoll sergeant is wielding a +3 heavy trident.
An orc warrior is wielding a +0 heavy dire flail.
The yak bellows!
The troll shouts!
The gnoll sergeant shouts!
The yak bellows!
The orc warrior shouts!
You puncture the yak! You headbutt the yak.
The yak is moderately wounded.
The yak barely misses you.
You closely miss the yak. You headbutt the yak!
The yak is heavily wounded.
The yak gores you but does no damage.
You hit the yak.
The yak is heavily wounded.
The yak completely misses you. You furiously retaliate!
You headbutt the yak, but do no damage. You hit the yak but do no damage.
You headbutt the yak!
The yak is almost dead.
The yak gores you!
* * * LOW HITPOINT WARNING * * *
You puncture the yak!
You kill the yak!
Your Fighting skill gained 2 levels and is now at level 8!
Your Polearms skill gained 3 levels and is now at level 10!
Your Armour skill gained 2 levels and is now at level 8!
You have reached level 5!
You hit the troll.
The troll is lightly wounded.
You hit the troll but do no damage. You headbutt the troll.
The troll is lightly wounded.
The troll barely misses you. You furiously retaliate!
You headbutt the troll. The troll closely misses you. The troll claws you.
* * * LOW HITPOINT WARNING * * *
The gnoll sergeant hits you from afar with a +3 heavy trident!
You die...
Your body crumbles into a pile of gold. ▓▓▓▓▓▓▓▓▓▓▓▓▓▓▓▓▓▓▓▓▓▓▓▓ _______'!?).[[[.@TgY.oo. ▓▓▓▓▓▓▓▓▓▓▓▓▓▓▓▓▓▓▓▓▓▓▓▓

You could see a yak, a troll, 2 orc warriors and a gnoll sergeant.

Vanquished Creatures
  A yak (D)
  A gnoll sergeant (D)
  2 adders (D)
  A white imp (D)
  A dart slug (D)
  An endoplasm (D)
  2 hobgoblins (D)
  2 kobolds (D)
11 creatures vanquished.

Notes
Turn   | Place    | Note
-------+----------+-------------------------------------------
     0 | D        | Heoruswealwe the Minotaur Fighter began the quest for the
                  | Orb.
     0 | D        | Reached XP level 1. HP: 19/19 MP: 0/0
     5 | D        | Reached skill level 3 in Polearms
    18 | D        | Reached skill level 4 in Polearms
    42 | D        | Noticed a gnoll sergeant
    43 | D        | Reached XP level 2. HP: 28/28 MP: 1/1
    46 | D        | Reached skill level 5 in Fighting
    46 | D        | Reached skill level 5 in Polearms
    46 | D        | Reached skill level 5 in Armour
    50 | D        | Reached XP level 3. HP: 36/36 MP: 2/2
    66 | D        | Killed a gnoll sergeant
    67 | D        | Reached skill level 7 in Polearms
    67 | D        | Reached XP level 4. HP: 13/44 MP: 3/3
    78 | D        | Found a snail-covered altar of Cheibriados.
    78 | D        | Found a shadowy altar of Dithmenos.
    78 | D        | Found a white marble altar of Elyvilon.
    78 | D        | Found a blossoming altar of Fedhas.
    78 | D        | Found an opulent altar of Gozag.
    79 | D        | Found a hazy altar of Hepliaklqana.
    80 | D        | Found a viscous altar of Jiyva.
    81 | D        | Found an ancient bone altar of Kikubaaqudgha.
    82 | D        | Found a corrupted altar of Lugonu.
    83 | D        | Found a burning altar of Makhleb.
    84 | D        | Found a sparkling altar of Nemelex Xobeh.
    85 | D        | Found an iron altar of Okawaru.
    86 | D        | Became a worshipper of Gozag Ym Sagoz the Greedy
    87 | D        | Found a stormy altar of Qazlal.
    88 | D        | Found a sacrificial altar of Ru.
    89 | D        | Found a shimmering blue altar of Sif Muna.
    90 | D        | Found a bloodstained altar of Trog.
    91 | D        | Found a hide-covered altar of Uskayaw.
    92 | D        | Found a radiant altar of Vehumet.
    93 | D        | Found an ornate altar of the Wu Jian Council.
    94 | D        | Found a shimmering altar of Xom.
    95 | D        | Found a basalt altar of Yredelemnul.
    96 | D        | Found a glowing silver altar of Zin.
    97 | D        | Found a glowing golden altar of the Shining One.
   122 | D        | Noticed a yak
   122 | D        | Noticed a troll
   122 | D        | Noticed a gnoll sergeant
   122 | D        | Noticed a yak
   122 | D        | Noticed an orc warrior
   122 | D        | Noticed an orc warrior
   127 | D        | Killed a yak
   128 | D        | Reached skill level 10 in Polearms
   128 | D        | Reached XP level 5. HP: 13/53 MP: 4/4
   129 | D        | Slain by a gnoll sergeant

Illustrated notes

Levels and vault maps discovered:
D:        linesprint [early_d, line_temple, items_1, d_10, items_2, lair_1,
          lair_end, items_3, orc_1, orc_end, items_4, d_15, swamp_1, shoals_1,
          snake_1, spider_1, d_20, vaults_1, items_5, swamp_end, shoals_end,
          snake_end, spider_end, vaults_end, d_27, items_6, zot_1, zot_end,
          crypt_end, forest_end, elf_end, slime_end, tomb_end, abyss_end,
          pan_hell_end]

Skill      XL: |  1  2  3  4 |
---------------+-------------+-----
Polearms       | 4 5 7 10 | 10.5
Fighting       | 4 5 6 8 |  8.1
Armour         | 4 5 6 8 |  8.1
Shields        | |  3.6

Action                     |  1- 3 |  4- 6 || total
---------------------------+-------+-------++-------
  Melee: Trident           |    35 |    13 ||    48
         Headbutt          |     3 |     4 ||     7
    Use: Potion            |     1 |       ||     1
 Armour: Scale mail        |    20 |     5 ||    25
  Dodge: Dodged            |    10 |     8 ||    18
  Block: Buckler           |     6 |       ||     6
